 Dungeon Sprint DCSS version 0.31-a0-435-g2c6fae2916 (webtiles) character file.

Game seed: 4262846793280406769

6013 rocky1 the Brawler (level 10, 0/129 HPs)
             Began as a Yellow Draconian Shapeshifter on Aug 2, 2023.
             Was an Initiate of Gozag.
             Slain by a red devil
             ... wielding a +0 trident
              (14 damage)
             ... in the Dungeon (Sprint VII: "The Pits").
             The game lasted 00:06:44 (2723 turns).

rocky1 the Brawler (Yellow Draconian Shapeshifter)  Turns: 2723, Time: 00:06:45

Health: 0/129      AC:  7    Str: 20    XL:     10   Next: 56%
Magic:  15/18      EV: 15    Int: 13    God:    Gozag
Gold:   2055       SH:  0    Dex: 15    Spells: 18/20 levels left

rFire   . .          .
                       - Unarmed
rCold   . . .        (no shield)
rNeg    . . .        (body armour unavailable)
rPois   .            (helmet currently unavailable)
rElec   .            (cloak currently unavailable)
rCorr   +            (gloves currently unavailable)
SInv    .            (boots currently unavailable)
Will    .....        (no amulet) Stlth
                     m - +3 ring of strength
HPRegen 0.41/turn    l - +3 ring of intelligence
MPRegen 0.16/turn

%: no teleportation
@: berserking, lethally poisoned (0 -> -36), beast-form, wereblooded, spiked,
gold aura, very quick
A: beast (slay +7), spit acid, AC +7, unfitting armour, cold-blooded, acid
resistance
a: Breathe Acid, Begin Untransformation, Renounce Religion, Potion Petition,
Call Merchant, Bribe Branch


You were in the Dungeon.
You worshipped Gozag.
Gozag was most pleased with you.
You were a hulking beast.
You visited 1 branch You collected 3276 gold pieces.
You spent 672 gold pieces at shops.
You paid 549 gold pieces to Gozag.

Inventory:

Armour
 o - a +0 pair of gloves
Jewellery
 l - a +3 ring of intelligence (right hand)
 m - a +3 ring of strength (left hand)
Talismans
 b - a beast talisman (active)
Scrolls
 j - 5 scrolls of amnesia
 k - a scroll of summoning
Potions
 a - a potion of lignification
 c - 6 potions of curing
 d - 4 potions of heal wounds
 e - 3 potions of haste
 f - 4 potions of magic
 i - 2 potions of invisibility
 n - a potion of mutation


   Skills:
 * Level 7.1 Fighting
 + Level 7.4 Dodging
 + Level 7.2 Stealth
 + Level 16.4 Unarmed Combat
 * Level 5.6 Spellcasting
 * Level 6.1 Transmutations
 - Level 11.1 Shapeshifting


You had 18 spell levels left.
You knew the following spells:

 Your Spells              Type           Power      Damage    Failure   Level
a - Wereblood             Tmut           19%        N/A       2%          2

Your spell library contained the following spells:

 Spells                   Type           Power      Damage    Failure   Level
 Irradiate                Conj/Tmut      5%         3d13      80%         5
 Fireball                 Conj/Fire      1%         3d3       99%         5
 Freezing Cloud           Conj/Ice/Air   1%         6-21      99%         5
 Plasma Beam              Fire/Air       1%         2x1d11    100%        6


Dungeon Overview and Level Annotations

Branches:
Dungeon (1/1)

Altars:
Ashenzari
Cheibriados
Dithmenos
Elyvilon
Fedhas
Gozag
Hepliaklqana
Kikubaaqudgha
Makhleb
Nemelex Xobeh
Okawaru
Qazlal
Ru
Sif Muna
Trog
Uskayaw
Vehumet
Wu Jian
Xom
Yredelemnul
Zin
The Shining One
Jiyva
Lugonu

Shops:
D :


Innate Abilities, Weirdness & Mutations

You are a hulking beast.
Your limbs bulge with bestial killing power. (Slay +7)
You can spit globs of acid.
Your golden yellow scales are hard. (AC +7)
You cannot fit into any form of body armour.
You are cold-blooded and may be slowed by cold attacks.
You are resistant to acid. (rCorr)


Message History

The red devil hits you from afar with a +0 trident!!
* * * LOW HITPOINT WARNING * * *
Barbed spikes become lodged in your body.
The sea snake closely misses you.
Unknown command.
Blink to where?
Press: ? - help, Dir - move target, p - sea snake
As you read the scroll of blinking, it crumbles to dust.
You close the door.
You feel better.
Unknown command.
You start resting.
A red devil opens the door.
It is wielding a +0 trident.
Okay, then.
A red film seems to cover your vision as you go berserk!
You feel yourself moving faster!
You feel mighty!
You have got your breath back.
The red devil hits you from afar with a +0 trident.
* * * LOW HITPOINT WARNING * * *
Barbed spikes become lodged in your body.
The sea snake bites you!
* * * LOW HITPOINT WARNING * * *
You are lethally poisoned!
The sea snake poisons you!
You pummel the sea snake!!
You feel a bit better.
You kill the sea snake!
* * * LOW HITPOINT WARNING * * *
You feel very sick.
Your Fighting skill increases to level 7!
Your Transmutations skill increases to level 6!
Unknown command.
The barbs in your skin will harm you if you move.
Continue?
Okay, then.
The barbs in your skin will harm you if you move.
Continue?
The barbed spikes dig painfully into your body as you move.
* * * LOW HITPOINT WARNING * * *
x2 You feel extremely sick.
The red devil hits you with a +0 trident!
You die...
Your body crumbles into a pile of gold.

.#####'#####''######
###.......##''# ########
.##.......##..# #......#
.##.......##..# #$#
###...<...##..# ##.##
.##.......##).# ##...##
.##.......##..####.....#
###.......##...##4.....# #
.###########....h......+ .+
############...##......# ..#
#....#..[.##..####.....##.##
#....#..[[##..##.##...##...##
)....'..))##..##..##.##.....#
#....#..))##..# #..#'#.......
#....#..))##..# #.).)..#
############### ########


You could see a red devil.

Vanquished Creatures
  A death yak (D)
  A sea snake (D)
  A lindwurm (D)
  A deep elf pyromancer (D)
  A manticore (D)
  An orc sorcerer (D)
  An orange demon (D)
  A red devil (D)
  A tarantella (D)
  6 dream sheep (D)
  A shadow (D)
  An air elemental (D)
  A wraith (D)
  A basilisk (D)
  A water moccasin (D)
  A black bear (D)
  An ice beast (D)
  Pargi (D)
  A kobold brigand (D)
  A scorpion (D)
  A necrophage (D)
  6 wights (D)
  A crimson imp (D)
  2 hell rats (D)
  A gnoll (D)
  A river rat (D)
  An ufetubus (D)
  2 bats (D)
  A bat skeleton (D)
  An endoplasm (D)
  A giant cockroach (D)
  5 jackals (D)
  A quokka (D)
  3 frilled lizards (D)
  A giant cockroach zombie (D)
53 creatures vanquished.

Vanquished Creatures (others)
  A giant cockroach zombie (D)
1 creature vanquished.

Grand Total: 54 creatures vanquished

Notes
Turn   | Place    | Note
-------+----------+-------------------------------------------
     0 | D        | rocky1 the Draconian Shapeshifter began the quest for the
                  | Orb.
     0 | D        | Reached XP level 1. HP: 16/16 MP: 1/1
    24 | D        | Found a bloodstained altar of Trog.
    24 | D        | Found a shimmering blue altar of Sif Muna.
    24 | D        | Found a viscous altar of Jiyva.
    24 | D        | Found a hazy altar of Hepliaklqana.
    24 | D        | Found an opulent altar of Gozag.
    25 | D        | Found a glowing golden altar of the Shining One.
    25 | D        | Found a glowing silver altar of Zin.
    25 | D        | Found a basalt altar of Yredelemnul.
    25 | D        | Found a shimmering altar of Xom.
    25 | D        | Found an ornate altar of the Wu Jian Council.
    25 | D        | Found a sacrificial altar of Ru.
    25 | D        | Found a stormy altar of Qazlal.
    25 | D        | Found an iron altar of Okawaru.
    25 | D        | Found a sparkling altar of Nemelex Xobeh.
    25 | D        | Found a burning altar of Makhleb.
    25 | D        | Found a blossoming altar of Fedhas.
    25 | D        | Found a white marble altar of Elyvilon.
    25 | D        | Found a shadowy altar of Dithmenos.
    25 | D        | Found a snail-covered altar of Cheibriados.
    29 | D        | Found a corrupted altar of Lugonu.
    29 | D        | Found a radiant altar of Vehumet.
    30 | D        | Found a broken altar of Ashenzari.
    30 | D        | Found an ancient bone altar of Kikubaaqudgha.
    30 | D        | Found a hide-covered altar of Uskayaw.
    32 | D        | Became a worshipper of Gozag Ym Sagoz the Greedy
    81 | D        | Reached XP level 2. HP: 22/23 MP: 2/2
   184 | D        | Noticed a wight
   184 | D        | Noticed a wight
   191 | D        | Killed a wight
   192 | D        | Reached skill level 5 in Unarmed Combat
   192 | D        | Reached skill level 5 in Shapeshifting
   192 | D        | Reached XP level 3. HP: 28/28 MP: 3/3
   193 | D        | Killed a wight
   194 | D        | Reached skill level 6 in Unarmed Combat
   194 | D        | Reached XP level 4. HP: 35/35 MP: 4/4
   334 | D        | Noticed a scorpion
   351 | D        | Killed a scorpion
   352 | D        | Reached skill level 1 in Stealth
   352 | D        | Reached skill level 7 in Unarmed Combat
   352 | D        | Reached XP level 5. HP: 27/40 MP: 5/5
   595 | D        | Noticed an ice beast
   603 | D        | Killed an ice beast
   604 | D        | Reached skill level 8 in Unarmed Combat
   604 | D        | Reached XP level 6. HP: 47/47 MP: 6/6
   847 | D        | Reached skill level 9 in Unarmed Combat
   869 | D        | Reached skill level 10 in Unarmed Combat
   869 | D        | Your scales start taking on a golden yellow colour.
   869 | D        | Reached XP level 7. HP: 39/52 MP: 7/7
   869 | D        | Gained mutation: You are resistant to acid. (rCorr) [Yellow
                  | Draconian growth]
  1110 | D        | Noticed a deep elf pyromancer
  1114 | D        | Killed a deep elf pyromancer
  1115 | D        | Reached skill level 11 in Unarmed Combat
  1115 | D        | Reached skill level 10 in Shapeshifting
  1115 | D        | Reached XP level 8. HP: 59/59 MP: 8/8
  1328 | D        | Noticed Pargi
  1332 | D        | Killed Pargi
  1333 | D        | Reached skill level 5 in Dodging
  1336 | D        | Reached skill level 12 in Unarmed Combat
  1458 | D        | Noticed an orc sorcerer
  1458 | D        | Noticed a manticore
  1464 | D        | Paralysed by an orc sorcerer for 3 turns
  1466 | D        | Noticed a red devil
  1468 | D        | Killed an orc sorcerer
  1469 | D        | Reached skill level 5 in Stealth
  1469 | D        | Reached skill level 13 in Unarmed Combat
  1473 | D        | Killed a manticore
  1474 | D        | Reached XP level 9. HP: 47/68 MP: 9/9
  1785 | D        | Bought a book of Changes for 216 gold pieces
  1785 | D        | Bought the Guide on the Freezing Bonfire for 456 gold
                  | pieces
  1988 | D        | Learned a level 2 spell: Wereblood
  2109 | D        | Reached skill level 14 in Unarmed Combat
  2109 | D        | Reached skill level 1 in Spellcasting
  2109 | D        | Reached skill level 1 in Transmutations
  2242 | D        | Noticed a lindwurm
  2256 | D        | Killed a lindwurm
  2503 | D        | Noticed an orange demon
  2508 | D        | Reached skill level 15 in Unarmed Combat
  2508 | D        | Noticed a red devil
  2509 | D        | Reached skill level 5 in Fighting
  2509 | D        | Killed a red devil
  2510 | D        | Reached XP level 10. HP: 67/81 MP: 12/16
  2514 | D        | Killed an orange demon
  2524 | D        | Reached skill level 5 in Transmutations
  2536 | D        | Reached skill level 16 in Unarmed Combat
  2690 | D        | Noticed a death yak
  2696 | D        | Noticed a sea snake
  2699 | D        | Killed a death yak
  2700 | D        | Reached skill level 5 in Spellcasting
  2722 | D        | Killed a sea snake
  2723 | D        | Slain by a red devil

Illustrated notes

Levels and vault maps discovered:
D:        pitsprint [storerooms_1, entrance_room_1, metal_vault_3, armoury_2,
          mini_pit_1, grid_room_1, main_hall_1, silver_pit, the_coven_2,
          the_vestibule_1, steel_vault_3, golden_pit, hallway_of_sentries,
          crystal_vault_6, iron_vault_4, final_vault]

Skill      XL: |  1  2  3  4  5  6  7  8  9 10 |
---------------+-------------------------------+-----
Dodging        | 2 3 4 5 6 7 |  7.4
Shapeshifting  | 4 5 6 7 8 9 10 11 | 11.1
Unarmed Combat | 5 6 7 8 10 11 13 15 16 | 16.4
Stealth        | 1 3 4 5 6 7 |  7.2
Fighting       | 2 5 7 |  7.1
Spellcasting   | 4 5 |  5.6
Transmutations | 4 6 |  6.1

Action                     |  1- 3 |  4- 6 |  7- 9 | 10-12 || total
---------------------------+-------+-------+-------+-------++-------
  Melee: Unarmed           |    20 |    36 |    49 |    33 ||   138
         Tailslap          |     3 |     5 |     3 |     4 ||    15
         Punch             |       |     2 |     2 |     2 ||     6
   Cast: Wereblood         |       |       |     2 |     4 ||     6
 Invoke: Call Merchant     |       |       |     1 |       ||     1
Ability: Breathe Acid      |       |       |     3 |     1 ||     4
    Use: Potion            |     1 |     2 |     1 |    10 ||    14
         Scroll            |       |       |       |     1 ||     1
   Stab: Distracted        |       |     1 |     1 |     1 ||     3
         Sleeping          |       |     2 |       |       ||     2
 Armour: Skin              |     2 |     7 |    13 |     8 ||    30
  Dodge: Dodged            |     4 |    10 |    20 |    26 ||    60

Table legend: (Time is in decaauts)
 A = Elapsed time spent in this place.
 B = Non-inter-level travel time spent in this place.
 C = Inter-level travel time spent in this place.
 D = Time resting spent in this place.
 E = Time spent auto-exploring this place.
 F = Levels seen in this place.
 G = Mean time per level.
                   A        B        C        D        E       F      G
               +--------+--------+--------+--------+--------+-----+--------+
         Total |   2706 |   2649 |     57 |   2178 |      0 |   1 | 2706.0 |
       Dungeon |   2706 |   2649 |     57 |   2178 |      0 |   1 | 2706.0 |
               +--------+--------+--------+--------+--------+-----+--------+

Top non-repeatable levels by time:
       D: 2706 daAuts
